 Dungeon Crawl Stone Soup version 0.32-a0-656-g3542139ebd (webtiles) character file.

Game seed: 16383698423044105687

3499 mopl the Martial Artist (level 10, -1/66 HPs)
             Began as an Octopode Shapeshifter on Mar 8, 2024.
             Was a Believer of Uskayaw.
             Slain by a killer bee (3 damage)
             ... on level 7 of the Dungeon.
             The game lasted 00:07:46 (6015 turns).

mopl the Martial Artist (Octopode Shapeshifter)     Turns: 6015, Time: 00:07:48

Health: -1/66      AC:  1    Str: 15    XL:     10   Next: 7%
Magic:  10/10      EV: 15    Int: 12    God:    Uskayaw [**....]
Gold:   381        SH:  0    Dex: 15    Spells: 9/9 levels left

rFire   . .          .
                       - Unarmed
rCold   . . .        (no shield)
rNeg    . . .        (helmet currently unavailable)
rPois   .            d - amulet of faith {!P}
rElec   .            (no ring)
rCorr   .            (no ring)
SInv    .            (no ring)
Will    .....        (no ring)
Stlth   ++           (no ring)
HPRegen 0.31/turn    (no ring)
MPRegen 0.12/turn    (no ring)
                     (no ring)

%: faith
@: lethally poisoned (-1 -> -21), beast-form
A: beast (slay +4), almost no armour, amphibious, 8 rings, camouflage 1,
gelatinous body 1, (nimble swimmer 1), tentacles
a: Begin Untransformation, Renounce Religion, Stomp, Line Pass


You were on level 7 of the Dungeon.
You worshipped Uskayaw.
Uskayaw was noncommittal.
You were a hulking beast.
You visited 2 branches of the dungeon, and saw 8 of its levels.

You collected 381 gold pieces.

Inventory:

Hand Weapons
 s - a +2 hand axe of flaming
Missiles
 q - 3 poisoned darts (quivered)
 B - a boomerang
Armour
 w - a +0 kite shield
Jewellery
 d - an amulet of faith (around mantle) {!P}
Talismans
 b - a beast talisman (active)
 c - a flux talisman
 j - a storm talisman
Wands
 m - a wand of flame (20)
 u - a wand of iceblast (2)
Scrolls
 a - 2 scrolls of vulnerability {unknown}
 f - 6 scrolls of identify
 h - 2 scrolls of fear {unknown}
 i - 2 scrolls of noise {unknown}
 k - a scroll of amnesia {unknown}
 r - 3 scrolls of teleportation {unknown}
 v - a scroll of immolation {unknown}
 x - 2 scrolls of blinking {unknown}
 y - a scroll of enchant armour {unknown}
 z - 2 scrolls of revelation {unknown}
 A - a scroll of enchant weapon {unknown}
Potions
 e - 4 potions of invisibility
 g - 3 potions of cancellation
 l - 2 potions of magic
 n - 2 potions of curing
 o - 3 potions of attraction
 p - a potion of heal wounds
 t - a potion of brilliance


   Skills:
 + Level 5.5 Fighting
 + Level 5.9 Dodging
 * Level 8.8 Unarmed Combat
 + Level 0.3 Invocations
 * Level 8.1 Shapeshifting


You had 9 spell levels left.
You didn't know any spells.
Your spell library contained the following spells:

 Spells                   Type           Power      Damage    Failure   Level
 Ensorcelled Hibernation  Hex/Ice        0%         N/A       45%         2
 Lesser Beckoning         Tloc           0%         N/A       45%         2
 Mercury Vapours          Alch/Air       0%         N/A       45%         2
 Sublimation of Blood     Necr           0%         N/A       45%         2
 Fugue of the Fallen      Necr           0%         N/A       69%         3
 Gell's Gravitas          Tloc           0%         N/A       69%         3
 Mephitic Cloud           Conj/Alch/Air  0%         N/A       69%         3
 Teleport Other           Tloc           0%         N/A       69%         3
 Anguish                  Hex/Necr       0%         N/A       97%         4
 Passage of Golubria      Tloc           0%         N/A       97%         4
 Petrify                  Alch/Erth      0%         N/A       97%         4
 Freezing Cloud           Conj/Ice/Air   0%         6-21      100%        5
 Irradiate                Conj/Alch      0%         3d11      100%        5
 Silence                  Hex/Air        0%         N/A       100%        5
 Lehudib's Crystal Spear  Conj/Erth      0%         10d2      100%        8


Dungeon Overview and Level Annotations

Branches:
Dungeon (7/15)             Temple (1/1) D:7

Altars:
Ashenzari
Cheibriados
Dithmenos
Elyvilon
Fedhas
Gozag
Hepliaklqana
Kikubaaqudgha
Makhleb
Nemelex Xobeh
Okawaru
Ru
Sif Muna
Trog
Uskayaw
Vehumet
Wu Jian
Xom
Yredelemnul
Zin
The Shining One

Annotations:
D:5 dig


Innate Abilities, Weirdness & Mutations

You are a hulking beast.
Your limbs bulge with bestial killing power. (Slay +4)
You cannot wear most types of armour.
You are amphibious.
You can wear up to eight rings at the same time.
Your skin changes colour to match your surroundings (Stealth+).
Your rubbery body absorbs attacks. (AC +1, EV +1)
((You are camouflaged when in or above water. (Stealth+)))
You have tentacles for arms and can constrict up to eight enemies at once.


Message History

You feel very sick. The killer bee misses you.
You can now pass through a line of other dancers.
Unknown command.
You bludgeon the killer bee! Your grab misses the killer bee.
The killer bee is heavily wounded.
You feel very sick. The killer bee stings you. x2
You are too injured to fight recklessly!
You are too injured to fight recklessly!
You feel very sick.
The killer bee attacks as it pursues you!
The killer bee closely misses you. The killer bee stings you!
* * * LOW HITPOINT WARNING * * *
You are lethally poisoned!
The killer bee poisons you! The killer bee closely misses you.
There is an open door here.
* * * LOW HITPOINT WARNING * * *
You feel very sick.
Unknown command.
You feel better. The killer bee closely misses you. The killer bee stings you.
* * * LOW HITPOINT WARNING * * *
You are poisoned.
The killer bee poisons you! The killer bee stings you.
* * * LOW HITPOINT WARNING * * *
The killer bee closely misses you.
Unknown command.
You tentacle-slap the killer bee but do no damage.
Your grab misses the killer bee.
Your tentacle-slap misses the killer bee.
Your squeeze misses the killer bee.
You feel sick. The killer bee barely misses you. The killer bee stings you.
* * * LOW HITPOINT WARNING * * *
You are more poisoned.
The killer bee poisons you! The killer bee stings you.
* * * LOW HITPOINT WARNING * * *
You are more poisoned.
The killer bee poisons you! The killer bee stings you.
You die...
Your body falls in perfect tune with the rhythm.

......#.......#..........#
......#.......#..........#
......#.......#..........#
......#.......#..........#
......#.......#...##.....#
#'#####.......#...# ....#
..............#.y.# ...#
..............##y## ..#
)......########yhy# .#
..<....#..........# #
.......'..........#
.......#..........#
.......#.....##'###
.......#.....##...##
########......'....#
......##.....##....#
.............##....#


You could see 4 killer bees.

Vanquished Creatures
  A hornet (D:7)
  A wraith (Temple)
  Menkaure (D:5)
  An acid dragon (D:7)
  2 water moccasins
  3 orc warriors (D:7)
  A black bear (D:6)
  4 ogres
  A centaur (D:7)
  A phantom (D:7)
  4 bullfrogs (D:7)
  6 scorpions
  A wight (D:7)
  2 killer bees (D:7)
  5 howler monkeys
  4 hounds
  A bombardier beetle (D:3)
  An orc priest (Temple)
  A gnoll bouda (D:6)
  4 iguanas
  3 jellies
  Ijyb (D:5)
  A sleepcap (D:7)
  8 orc wizards
  9 gnolls
  7 adders
  3 white imps
  4 ufetubi
  2 adder zombies (D:2)
  2 adder skeletons (D:2)
  3 ribbon worms
  2 dart slugs (D:3)
  20 orcs
  4 endoplasms
  3 giant cockroaches
  4 goblins
  6 hobgoblins
  3 quokkas
  6 ball pythons
  A ball python skeleton (D:2)
  5 bats
  4 frilled lizards
  A kobold (D:2)
  6 rats
153 creatures vanquished.

Notes
Turn   | Place    | Note
-------+----------+-------------------------------------------
     0 | D:1      | mopl the Octopode Shapeshifter began the quest for the Orb.
     0 | D:1      | Reached XP level 1. HP: 13/13 MP: 1/1
   179 | D:1      | Reached XP level 2. HP: 18/18 MP: 2/2
   228 | D:1      | Found a faded altar of an unknown god.
   512 | D:2      | Noticed a scorpion
   521 | D:2      | Killed a scorpion
   522 | D:2      | Reached XP level 3. HP: 4/24 MP: 3/3
   522 | D:2      | Reached XP level 4. HP: 4/29 MP: 4/4
   526 | D:2      | HP: 2/43 [poisoned by a scorpion]
   902 | D:2      | Reached skill level 4 in Unarmed Combat
  1255 | D:2      | Reached XP level 5. HP: 30/34 MP: 5/5
  1300 | D:2      | Reached skill level 2 in Fighting
  1406 | D:3      | Found an iron altar of Okawaru.
  1413 | D:3      | Found a burning altar of Makhleb.
  1428 | D:3      | Reached skill level 4 in Shapeshifting
  1528 | D:3      | Found an ornate altar of the Wu Jian Council.
  1729 | D:3      | Found the +18 Lear's hauberk
  1877 | D:4      | Found a basalt altar of Yredelemnul.
  1937 | D:4      | Reached skill level 3 in Dodging
  1937 | D:4      | Reached XP level 6. HP: 17/40 MP: 6/6
  2397 | D:5      | Entered Level 5 of the Dungeon
  2450 | D:5      | Noticed Ijyb
  2459 | D:5      | Killed Ijyb
  2684 | D:5      | Reached skill level 5 in Unarmed Combat
  2701 | D:5      | Reached XP level 7. HP: 12/45 MP: 7/7
  3216 | D:5      | Noticed Menkaure
  3224 | D:5      | Killed Menkaure
  3225 | D:5      | Reached skill level 3 in Fighting
  3225 | D:5      | Reached skill level 5 in Shapeshifting
  3625 | D:6      | Reached XP level 8. HP: 52/52 MP: 8/8
  3661 | D:6      | Reached skill level 4 in Dodging
  3661 | D:6      | Reached skill level 6 in Unarmed Combat
  3806 | D:6      | Reached skill level 6 in Shapeshifting
  3947 | D:6      | Found an opulent altar of Gozag.
  4064 | D:6      | Reached skill level 4 in Fighting
  4490 | D:7      | Reached skill level 7 in Unarmed Combat
  4577 | D:6      | Reached XP level 9. HP: 45/58 MP: 9/9
  4700 | D:7      | Reached skill level 5 in Dodging
  4725 | D:7      | Reached skill level 7 in Shapeshifting
  4883 | D:7      | Noticed a +0 falchion
  4884 | D:7      | Noticed a +0 short sword
  4884 | D:7      | Noticed a +0 falchion
  4892 | D:7      | Noticed a +0 short sword
  4892 | D:7      | Noticed a +0 dagger
  4892 | D:7      | Noticed a +0 spear
  4894 | D:7      | Noticed a +0 dagger
  4894 | D:7      | Noticed a +0 spear
  4935 | D:7      | Found a white marble altar of Elyvilon.
  5010 | D:7      | Found a staircase to the Ecumenical Temple.
  5020 | Temple   | Entered the Ecumenical Temple
  5372 | D:7      | Reached skill level 8 in Unarmed Combat
  5498 | D:7      | Noticed a hornet
  5505 | D:7      | Killed a hornet
  5506 | D:7      | Reached skill level 5 in Fighting
  5892 | D:7      | Reached skill level 8 in Shapeshifting
  5892 | D:7      | Reached XP level 10. HP: 66/66 MP: 10/10
  5959 | D:7      | Found a hide-covered altar of Uskayaw.
  5975 | D:7      | Became a worshipper of Uskayaw the Reveller
  5978 | D:7      | Reached * piety under Uskayaw
  6010 | D:7      | Reached ** piety under Uskayaw
  6015 | D:7      | HP: 2/66 [killer bee (2)]
  6015 | D:7      | Slain by a killer bee

Illustrated notes

Levels and vault maps discovered:
D:1:      ldierk_walled_garden_2, layout_rooms,
          shapermc_ecumenical_altar_totnotflames
D:2:      minmay_chambers_of_twos, layout_rooms, serial_undead, serial_undead_b,
          serial_undead_e, serial_undead_d, serial_undead_b, serial_undead_e,
          serial_undead_e
D:3:      layout_rooms, mainiacjoe_overflow_paths,
          mainiacjoe_overflow_catwalk_spiral
D:4:      layout_cave_pools, mainiacjoe_overflow_brackets
D:5:      layout_basic, serial_glass, glass_columns_a, glass_columns_b,
          minmay_strange_pillars, feat_on_display, due_unseen_surprise,
          uniq_menkaure, uniq_ijyb
D:6:      layout_gridville, nicolae_gozag_cash_rules_everything_around_me,
          feat_on_display
D:7:      nzn_winding_woodlands_medium [nzn_winding_woodlands_5x5_closed_star,
          nzn_winding_woodlands_5x15_split_checker,
          nzn_winding_woodlands_5x5_three, nzn_winding_woodlands_5x5_perimeter,
          nzn_winding_woodlands_center_lodge, nzn_winding_woodlands_hourglass,
          nzn_winding_woodlands_5x5_default, nzn_winding_woodlands_5x15_eye,
          nzn_winding_woodlands_5x5_open_star], layout_gridville,
          mainiacjoe_overflow_24_doors, nicolae_uskayaw_en_pointe,
          minmay_temple_entry_offerings
Temple:   zaba_magenta_temple

Skill      XL: |  1  2  3  4  5  6  7  8  9 |
---------------+----------------------------+-----
Unarmed Combat | 4 5 7 8 |  8.8
Fighting       | 2 3 4 5 |  5.5
Shapeshifting  | 4 5 6 8 |  8.1
Dodging        | 3 4 5 |  5.9
Invocations    | |  0.3

Action                     |  1- 3 |  4- 6 |  7- 9 | 10-12 || total
---------------------------+-------+-------+-------+-------++-------
  Melee: Unarmed           |    21 |   124 |   164 |    14 ||   323
         Constrict         |     3 |    34 |    49 |     3 ||    89
         Tentacles         |     3 |    31 |    46 |     3 ||    83
         Punch             |       |     3 |    13 |     1 ||    17
  Throw: Dart              |       |       |    17 |       ||    17
  Evoke: Wand              |       |       |    12 |       ||    12
    Use: Scroll            |       |     7 |       |       ||     7
         Potion            |       |     1 |     2 |     1 ||     4
   Stab: Sleeping          |     2 |     7 |     2 |       ||    11
         Distracted        |       |       |     1 |       ||     1
 Armour: Skin              |     5 |    64 |    95 |    13 ||   177
  Dodge: Dodged            |    13 |    67 |   133 |    13 ||   226

Table legend: (Time is in decaauts)
 A = Elapsed time spent in this place.
 B = Non-inter-level travel time spent in this place.
 C = Inter-level travel time spent in this place.
 D = Time resting spent in this place.
 E = Time spent auto-exploring this place.
 F = Levels seen in this place.
 G = Mean time per level.
                   A        B        C        D        E       F      G
               +--------+--------+--------+--------+--------+-----+--------+
         Total |   5989 |   5874 |    115 |   1752 |   3078 |   8 |  748.6 |
       Dungeon |   5687 |   5572 |    115 |   1478 |   3078 |   7 |  812.4 |
        Temple |    302 |    302 |      0 |    274 |      0 |   1 |  302.0 |
               +--------+--------+--------+--------+--------+-----+--------+

Top non-repeatable levels by time:
     D:7: 1126 daAuts
     D:6: 1102 daAuts
     D:5: 1071 daAuts
     D:2: 888 daAuts
     D:4: 653 daAuts
     D:1: 498 daAuts
     D:3: 347 daAuts
  Temple: 302 daAuts
